Unix xNetHack Version 7.1.0 - last build Dec 11 2022 15:18:36 (91bc4d2507b4b34ac92889b06d50a936f6bde808). Game began 2023-05-01 20:37:36, ended 2023-05-02 18:24:36. dflexer, chaotic female human Wizard ---------- #........... #####|..........| ### ## ..........| #s@##### .....<(...| # ------.---- # Dflexer the Thaumaturge St:11 Dx:12 Co:16 In:17 Wi:11 Ch:10 Chaotic S:2241 Dlvl:9 $:341 HP:0(52) Pw:48(63) AC:9 Xp:6/360 T:4483 Latest messages: You descend the stairs. What do you want to zap? [lO or ?*] ? A lit field surrounds you! You see here a food ration. You have a little trouble lifting a food ration. Continue? y You have a little trouble lifting i - a food ration {20}. Your movements are slowed slightly because of your load. What do you want to drop? [$a-fhik-mopt-vyzA-O or ?*] y You drop a partly used candle {2}. Your movements are now unencumbered. You swap places with Gido. There is a staircase up to level 8 here. You climb up the stairs. You descend the stairs. Ricko picks up a partly used candle. Ricko drops a partly used candle. Bonno picks up a partly used candle. You climb up the stairs. You descend the stairs. The crocodile's thick hide blocks your attack. The crocodile bites! The crocodile claws you! In what direction? h The spell hits the crocodile! The crocodile bites! The crocodile hits! In what direction? h The spell hits the crocodile! The crocodile bites! The crocodile claws you! You swap places with Gido. Bonno drops a partly used candle. In what direction? h The spell hits the crocodile! You kill the crocodile! Gido eats a crocodile corpse. In what direction? h The spell misses the giant spider. The giant spider bites! The giant spider bites! In what direction? The magical energy is released! The spell hits the giant spider! The giant spider bites! You die... Do you want your possessions identified? y Do you want to see your attributes? y Do you want an account of creatures vanquished? n Do you want to see your conduct and achievements? n Do you want to see the dungeon overview? n Major events: Turn 1: dflexer the chaotic female human Wizard entered the dungeon 1065: attained the rank of Conjurer (level 3) 1787: entered the Gnomish Mines 4398: attained the rank of Thaumaturge (level 6) 4483: killed by a giant spider Inventory: Inventory: 724/725 weight (32/52 slots) Coins $ - 341 gold pieces {3} Amulets N - a cursed silver amulet of restful sleep named cursed {25} Weapons z - 2 cursed +0 darts {2} D - a blessed +0 dagger {10} C - 4 +0 daggers (at the ready) {40} E - a +0 orcish dagger {10} a - a blessed +1 quarterstaff (weapon in hands) {40} Armor u - an uncursed burnt +0 pair of elven boots (being worn) {12} M - an uncursed +0 pair of cloth low boots {6} b - an uncursed +0 cloak of magic resistance (being worn) {8} Comestibles k - an uncursed cram ration {15} i - 3 uncursed food rations {60} p - an uncursed pancake {2} v - an uncursed tripe ration {10} o - an uncursed lichen corpse {20} Spellbooks c - a blessed spellbook of force bolt {35} f - an uncursed spellbook of jumping {40} e - an uncursed spellbook of light {35} d - a blessed spellbook of magic missile {40} A - an uncursed spellbook of polymorph named uncursed {60} Potions J - a cursed potion of oil named cursed {20} H - an uncursed potion of sickness named uncursed {20} F - a cursed potion of sickness named cursed {20} t - an uncursed potion of sleeping named cursed {20} Rings K - a cursed ring of shock resistance named cursed {3} Wands O - a wand of light (0:9) {7} l - a wand of teleportation (0:7) {7} Tools I - a +0 pick-axe {100} B - 4 uncursed partly used tallow candles {8} h - an uncursed towel {5} G - a +0 unicorn horn {20} L - a +0 unicorn horn {20} Gems/Stones m - an uncursed worthless piece of blue glass {1} Dflexer the Wizard's attributes: Background: You were a Thaumaturge, a level 6 female human Wizard. You were chaotic, on a mission for Anhur who was opposed by Ptah (lawful) and Thoth (neutral). You were heterosexual. You were in the Dungeons of Doom, on level 9. You entered the dungeon 4483 turns ago. You had 360 experience points, 280 more were needed to attain level 7. Your score was 2241 before end-of-game adjustments. Basics: You had 0 out of 52 hit points. You had 48 out of 63 energy points (spell power). Your armor class was 9. Your wallet contained 341 zorkmids. Autopickup was off. Final Characteristics: Your strength was 11 (limit:18/100). Your dexterity was 12 (limit:18). Your constitution was 16 (limit:18). Your intelligence was 17 (limit:18). Your wisdom was 11 (limit:18). Your charisma was 10 (limit:18). Final Status: You were not hungry. You were unencumbered. You were wielding a quarterstaff. You had basic skill with quarterstaff. Final Attributes: You were piously aligned. You were magic-protected. You were poison resistant. You were stealthy. You were warded. You are dead. Miscellaneous: You never encountered a bones level. Total elapsed playing time was 3 hours, 5 minutes and 32 seconds. Vanquished creatures: a crocodile a white unicorn a gray unicorn an Uruk-hai a rock piercer a yellow light a gnome leader 2 straw golems a giant ant a floating eye 3 dwarves a homunculus a rothe 2 iguanas a killer bee an acid blob 2 coyotes 2 gas spores 2 hobbits a hobgoblin 2 giant rats a cave spider 2 brown molds a green mold 13 gnomes a gnome zombie 2 geckos 4 jackals a fox 6 goblins a sewer rat 4 grid bugs 3 lichens 4 kobold zombies 8 newts 80 creatures vanquished. No species were genocided or became extinct. Voluntary challenges: You read items or engraved 4 times. You never genocided any monsters. You never polymorphed an object. You never changed form. You never touched an artifact. You used no wishes. You never scared an enemy with impunity. You were celibate. You never generated conflict. Achievements: You attained the rank of Conjurer. You entered the Gnomish Mines. You attained the rank of Thaumaturge. The Dungeons of Doom: levels 1 to 9 Level 1: A grave. Level 2: Level 3: A fountain. Stairs down to The Gnomish Mines. Level 4: A fountain. Level 5: Level 6: Level 7: A fountain. Level 8: Level 9: <- You were here. Final resting place for you, killed by a giant spider. The Gnomish Mines: levels 4 to 5 Level 4: Level 5: Game over: __________ / \ / REST \ / IN \ / PEACE \ / \ | dflexer | | 341 Au | | killed by a | | giant spider | | | | | | 2023 | *| * * * | * _________)/\\_//(\/(/\)/\//\/|_)_______ Goodbye dflexer the Wizard... You died in The Dungeons of Doom on dungeon level 9 with 2207 points, and 341 pieces of gold, after 4483 moves. You were level 6 with a maximum of 52 hit points when you died.